AoeStats
← AxingQuestions

Oasis

508985526Analyzed
4v4 RM · 6d ago on Sep 25, 2026· 37m 27s· 8 players
Game mode
Random Map
Map size
Large (8 player)
Population
200
Speed
Normal
Resources
Standard
Victory
Conquest
Starting age
Dark Age
Ending age
Imperial Age
RankedLock teamsTeams togetherTeam positionsShared explorationLock speedFull tech treeHidden civsTurbo modeCheats
Victory
Defeat
🇧🇦 Franks · Bosnia & Herzegovina
1329
+13
🇹🇼 Bulgarians · Taiwan
1278
+15
🇲🇽 Burmese · Mexico
1229
+17
🇨🇳 Varangians · China
1150
+19
🇧🇷 Dravidians · Brazil
1294
-18
🇦🇷 Dravidians · Argentina
1245
-16
🇺🇸 Vikings · United States
1230
-15
🇦🇷 Vietnamese · Argentina
1220
-15
AxingQuestions
5:01 Loom
11:53 Feudal Age
13:11 Double-Bit Axe
15:32 Town Watch
21:30 Castle Age
19:27 Fletching
20:22 Horse Collar
20:58 Padded Archer Armor
22:08 Bodkin Arrow
22:05 Crossbowman
23:35 Squires
26:31 Ballistics
26:48 Bow Saw
29:49 Leather Archer Armor
31:28 Gold Mining
34:38 Town Patrol
[GdSur] Mate_Amargo
6:24 Loom
9:00 Feudal Age
9:29 Double-Bit Axe
11:04 Horse Collar
15:50 Town Watch
19:58 Castle Age
19:08 Forging
19:04 Gold Mining
21:19 Bow Saw
20:43 Light Cavalry
21:14 Fletching
21:33 Scale Barding Armor
22:27 Iron Casting
22:41 Stone Mining
25:04 Heavy Plow
28:35 Wheelbarrow
28:00 Town Patrol
28:56 Stone Shaft Mining
28:16 Fletching
28:26 Padded Archer Armor
29:47 Ballistics
29:56 Hand Cart
34:07 Imperial Age
31:50 Bodkin Arrow
32:44 Masonry
35:06 Pikeman
35:47 Squires
35:32 Arson
36:21 Bracer
37:23 Chemistry
35:53 Halberdier
36:34 Scale Mail Armor
36:55 Chain Barding Armor
36:38 Padded Archer Armor
Kuroko
8:31 Loom
10:17 Feudal Age
13:00 Double-Bit Axe
16:04 Castle Age
19:57 Fletching
22:20 Padded Archer Armor
24:32 Ballistics
25:29 Horse Collar
26:00 Bow Saw
26:27 Wheelbarrow
27:50 Bodkin Arrow
33:18 Imperial Age
31:32 Thumb Ring
32:18 Leather Archer Armor
33:17 Hand Cart
34:06 Bracer
35:10 Chemistry
33:46 Elite Elephant Archer
36:07 Ring Archer Armor
36:19 Husbandry
Klingon86
5:53 Loom
8:55 Feudal Age
10:31 Fletching
The Kraken
9:49 Loom
12:18 Feudal Age
12:24 Man-at-Arms
18:32 Castle Age
16:37 Horse Collar
17:22 Gold Mining
18:23 Fletching
19:24 Bodkin Arrow
19:37 Crossbowman
23:16 Padded Archer Armor
27:30 Wheelbarrow
31:10 Gold Shaft Mining
31:28 Ballistics
31:27 Hand Cart
35:57 Imperial Age
35:47 Redemption
36:39 Bracer
37:46 Chemistry
36:27 Treadmill Crane
1godi
11:03 Feudal Age
15:21 Castle Age
13:35 Double-Bit Axe
15:31 Scale Barding Armor
18:27 Wheelbarrow
19:25 Forging
20:58 Gold Mining
22:54 Chain Barding Armor
22:41 Loom
25:58 Iron Casting
25:28 Husbandry
26:45 Hand Cart
26:28 Stone Mining
33:32 Imperial Age
32:27 Gold Shaft Mining
35:13 Plate Barding Armor
34:00 Cavalier
34:58 Light Cavalry
38:55 Blast Furnace
super duck
10:36 Feudal Age
15:13 Loom
18:42 Castle Age
17:56 Horse Collar
19:27 Heavy Plow
20:18 Wheelbarrow
19:59 Double-Bit Axe
22:59 Pikeman
27:39 Squires
28:02 Scale Mail Armor
33:36 Imperial Age
31:23 Hand Cart
31:29 Hand Cart
30:59 Town Watch
31:50 Gold Mining
31:51 Stone Mining
33:43 Chain Mail Armor
33:39 Forging
34:23 Scale Barding Armor
35:16 Stone Shaft Mining
35:49 Conscription
36:07 Bloodlines
35:57 Husbandry
37:04 Iron Casting
36:50 Chain Barding Armor
Fun4
7:31 Loom
9:50 Feudal Age
13:35 Castle Age
12:09 Double-Bit Axe
12:42 Horse Collar
17:01 Bow Saw
24:25 Gold Mining
24:59 Fervor
25:17 Heavy Plow
28:29 Wheelbarrow
30:26 Imperial Age
30:06 Scale Barding Armor
30:01 Stirrups
31:16 Hand Cart
31:30 Chain Barding Armor
31:53 Forging
32:20 Plate Barding Armor
32:37 Bloodlines
32:27 Husbandry
33:10 Iron Casting
34:00 Crop Rotation
33:34 Elite Konnik
34:05 Town Watch
35:59 Blast Furnace
35:54 Scale Mail Armor
35:44 Fletching
38:17 Chain Mail Armor
Connection lost

Rejoining the realm…

Still unreachable

The connection could not be restored.

Session expired

The server has moved on; the page needs a fresh start.